Map: Acropolis LE

Players

Serral

  • Race: Zerg Zerg
  • Spawn Location: 11:00

Reynor - Winner!

  • Race: Zerg Zerg
  • Spawn Location: 5:00

VOD

Have the link to the VOD?

Description

Time

  • Played on: Sept. 8, 2019, 5:21 p.m.
  • Length: 23:47
Show
View Real Time Build Order
Export as new Build Order

Serral Zerg 

Build Orders: Hatch First 

Get SALT Encoding   

  12  0:00  Drone  
  13  0:12  Overlord  
  13  0:16  Drone  
  14  0:30  Drone x2  
  16  0:47  Hatchery  
  15  0:50  Drone  
  15  0:54  Drone  
  17  0:57  Drone  
  18  1:08  Extractor  
  18  1:10  Evolution Chamber  
  16  1:13  Spawning Pool  
  16  1:16  Drone  
  17  1:19  Drone  
  18  1:27  Drone  
  19  1:38  Drone  
  20  1:49  Drone  
  21  1:59  Queen x2  
  21  2:00  Overlord, Zergling x2  
  26  2:08  Metabolic Boost  
  26  2:10  Drone  
  26  2:11  Drone  
  28  2:21  Drone x2  
  30  2:33  Hatchery  
  30  2:36  Drone  
  30  2:37  Drone  
  30  2:43  Baneling Nest  
  30  2:45  Drone  
  30  2:49  Overlord  
  31  2:54  Drone x2  
  33  3:05  Drone x2  
  35  3:09  Zergling x2  
  35  3:10  Zergling x6  
  35  3:12  Zergling x2  
  40  3:15  Drone  
  40  3:18  Overlord  
  41  3:22  Drone  
  41  3:27  Queen  
  42  3:31  Evolution Chamber  
  42  3:32  Baneling  
  42  3:33  Drone  
  44  3:38  Drone  
  44  3:40  Drone x4  
  49  3:43  Overlord  
  49  3:46  Drone  
  49  3:47  Drone  
  51  3:50  Drone  
  51  3:51  Drone  
  51  3:55  Drone x2  
  55  3:58  Zerg Missile Weapons Level 1  
  55  4:03  Overlord  
  55  4:07  Drone x3  
  55  4:09  Drone  
  58  4:12  Lair  
  58  4:14  Drone  
  58  4:15  Drone  
  60  4:17  Extractor  
  60  4:20  Extractor  
  60  4:23  Drone  
  59  4:25  Drone x2  
  59  4:26  Roach Warren  
  59  4:28  Drone x2  
  59  4:31  Zergling x2  
  63  4:32  Overlord  
  63  4:33  Drone  
  63  4:36  Drone  
  63  4:37  Drone  
  66  4:39  Drone  
  66  4:40  Drone x2  
  66  4:44  Drone  
  66  4:45  Drone x2  
  72  4:48  Drone, Extractor  
  72  4:49  Extractor  
  72  4:51  Drone x2, Extractor  
  72  4:52  Drone  
  73  4:53  Pneumatized Carapace  
  73  4:56  Overlord  
  73  4:58  Drone  
  73  4:59  Drone  
  75  5:00  Drone  
  75  5:04  Drone  
  77  5:09  Drone  
  77  5:11  Drone  
  77  5:12  Overseer  
  77  5:14  Overseer  
  79  5:15  Glial Reconstitution  
  79  5:17  Hatchery  
  79  5:18  Drone  
  79  5:25  Drone  
  79  5:27  Evolution Chamber  
  81  5:28  Roach x4  
  81  5:34  Roach  
  89  5:40  Overlord x2  
  88  5:49  Spire  
  88  5:52  Overlord x2  
  88  5:57  Zerg Missile Weapons Level 2  
  88  5:58  Overlord x2  
  88  5:59  Roach x3  
  88  6:00  Roach x3  
  88  6:03  Baneling x2  
  100  6:06  Roach x2  
  104  6:12  Overlord x2  
  104  6:18  Overlord x2  
  104  6:19  Drone x2  
  104  6:21  Spore Crawler x2  
  104  6:22  Drone  
  104  6:24  Drone, Spore Crawler  
  104  6:25  Spore Crawler  
  104  6:31  Queen x2  
  104  6:32  Queen  
  110  6:34  Drone  
  111  6:40  Spore Crawler  
  111  6:41  Overlord  
  106  7:01  Corruptor x8  
  122  7:11  Corruptor x2  
  122  7:13  Corruptor  
  126  7:17  Corruptor  
  127  7:24  Corruptor  
  127  7:26  Zergling x2  
  127  7:27  Roach x4  
  138  7:30  Roach x2  
  138  7:33  Roach x2  
  138  7:36  Roach x2  
  158  7:44  Roach x5  
  160  7:58  Roach x5  
  168  8:04  Ravager x3  
  151  8:06  Roach  
  151  8:07  Roach x3  
  146  8:16  Roach  
  146  8:17  Roach x7  
  162  8:23  Roach  
  158  8:36  Roach x6  
  158  8:38  Roach  
  158  8:40  Roach  
  168  8:48  Roach x2  
  168  8:55  Overlord x3  
  162  8:58  Roach x4  
  162  8:59  Roach x2  
  152  9:06  Hatchery, Roach x3  
  152  9:08  Roach x3  
  141  9:22  Queen x3  
  147  9:29  Corruptor x3  
  149  9:36  Corruptor  
  149  9:37  Corruptor  
  149  9:42  Roach x3  
  148  9:45  Corruptor  
  148  9:50  Corruptor  
  148  9:52  Corruptor  
  142  9:56  Corruptor  
  126  10:00  Queen  
  126  10:04  Queen  
  120  10:08  Corruptor  
  120  10:13  Corruptor  
  118  10:19  Spore Crawler  
  115  10:25  Corruptor x2  
  117  10:37  Roach x6  
  117  10:46  Corruptor x2  
  121  10:57  Corruptor x3  
  125  11:04  Corruptor x2  
  125  11:10  Drone, Spore Crawler  
  129  11:14  Zerg Flyer Armor Level 1  
  129  11:23  Corruptor  
  129  11:24  Corruptor  
  132  11:28  Drone x3, Extractor  
  132  11:29  Drone x3, Extractor  
  136  11:35  Corruptor x2  
  138  11:48  Roach x6  
  138  11:49  Spore Crawler  
  149  11:55  Roach x3  
  149  11:56  Roach  
  149  11:59  Roach x2  
  149  12:00  Roach  
  163  12:02  Roach  
  165  12:11  Hatchery  
  165  12:13  Roach x2  
  169  12:16  Roach x2  
  169  12:22  Roach x2  
  173  12:24  Roach  
  175  12:30  Corruptor  
  175  12:32  Corruptor  
  175  12:36  Corruptor  
  181  12:41  Corruptor  
  183  12:47  Roach x2  
  183  12:48  Roach  
  179  12:51  Roach  
  179  12:53  Roach  
  179  12:55  Roach  
  179  12:58  Roach  
  175  13:00  Roach  
  161  13:07  Corruptor  
  161  13:08  Corruptor  
  145  13:17  Corruptor  
  137  13:25  Roach x3  
  143  13:32  Corruptor x2  
  127  13:38  Corruptor  
  129  13:44  Corruptor  
  131  13:51  Corruptor x2  
  128  14:01  Corruptor x2  
  132  14:05  Roach x3  
  138  14:12  Drone  
  130  14:18  Corruptor x2  
  134  14:26  Corruptor x2  
  138  14:31  Corruptor  
  138  14:36  Burrow  
  138  14:37  Corruptor  
  142  14:42  Roach  
  142  14:45  Roach  
  146  14:49  Roach  
  146  14:50  Roach  
  150  14:56  Roach x3  
  156  15:03  Roach  
  158  15:16  Drone  
  158  15:17  Drone  
  156  15:22  Roach x8  
  156  15:25  Roach  
  156  15:27  Roach  
  162  15:29  Roach  
  162  15:33  Roach  
  156  15:38  Roach  
  150  15:43  Roach  
  150  15:49  Roach  
  144  15:56  Roach x2  
  145  16:03  Roach x2  
  149  16:09  Roach  
  149  16:11  Roach x7  
  146  16:13  Ravager x3  
  139  16:24  Roach  
  137  16:29  Roach  
  137  16:34  Ravager x2  
  137  16:35  Ravager  
  140  16:42  Roach x17  
  140  16:45  Roach  
  133  16:59  Drone x3  
  125  17:02  Ravager x2  
  125  17:06  Drone  
  117  17:12  Roach x3  
  121  17:22  Roach x2  
  125  17:29  Roach  
  127  17:37  Lair  
  124  17:49  Roach x2  
  128  17:52  Roach  
  127  18:09  Roach x2  
  127  18:28  Roach  
  129  18:36  Overseer  
  129  18:37  Hatchery, Ravager  
  129  18:38  Ravager  
  129  18:40  Roach x2  
  134  18:45  Overseer  
  134  18:46  Overseer  
  130  18:58  Roach x3  
  128  19:03  Roach  
  114  19:18  Roach x2  
  118  19:24  Roach x2  
  118  19:30  Ravager  
  126  19:31  Ravager x3  
  126  19:35  Roach x7  
  128  19:38  Roach  
  128  19:42  Roach  
  122  19:50  Roach  
  102  20:00  Overseer  
  102  20:05  Roach  
  96  20:09  Roach x2  
  98  20:14  Roach  
  98  20:27  Ravager  
  96  20:29  Ravager  
  88  21:03  Roach x6  
  88  21:04  Roach x3  
  88  21:05  Roach x4  
  77  21:27  Extractor  
  71  21:36  Extractor  
  70  21:48  Roach x10  
  70  21:58  Extractor  
  67  22:07  Extractor  
  67  22:08  Extractor  
  63  22:14  Roach x8  
  59  22:24  Roach x8  
  59  22:29  Extractor  
  58  22:46  Roach x8, Extractor  
  55  23:02  Roach x2  
  49  23:15  Extractor  
  48  23:23  Extractor  
Show
View Real Time Build Order
Export as new Build Order

Reynor Zerg - Winner!

Build Orders: Hatch First 

Get SALT Encoding   

  12  0:00  Drone  
  13  0:12  Overlord  
  13  0:16  Drone  
  14  0:30  Drone x2  
  16  0:48  Hatchery  
  15  0:50  Drone  
  15  0:54  Drone  
  17  0:57  Drone  
  18  1:07  Extractor  
  17  1:13  Spawning Pool  
  17  1:16  Drone  
  17  1:19  Drone  
  18  1:27  Drone  
  19  1:38  Drone  
  20  1:48  Overlord  
  20  1:59  Queen x2  
  20  2:00  Drone x2  
  26  2:10  Drone x2  
  26  2:12  Metabolic Boost  
  28  2:21  Zergling x2  
  28  2:22  Drone  
  30  2:33  Hatchery  
  30  2:35  Drone  
  30  2:38  Drone  
  31  2:44  Baneling Nest  
  31  2:45  Drone  
  31  2:50  Drone  
  32  2:54  Overlord  
  32  2:55  Drone  
  33  3:04  Drone x2  
  35  3:08  Drone  
  35  3:12  Drone x2  
  38  3:14  Queen  
  38  3:16  Drone  
  38  3:19  Zergling x4  
  43  3:23  Overlord  
  43  3:28  Evolution Chamber  
  43  3:29  Drone  
  43  3:31  Zergling x2  
  44  3:37  Baneling x2  
  44  3:43  Drone x5  
  44  3:47  Overlord  
  49  3:51  Drone x3  
  51  4:00  Zergling x4  
  51  4:02  Drone  
  54  4:04  Drone  
  54  4:07  Drone  
  56  4:11  Lair  
  56  4:13  Drone x3, Roach Warren  
  56  4:16  Extractor  
  57  4:17  Drone x2, Extractor x2  
  57  4:20  Drone  
  57  4:22  Overlord  
  58  4:26  Zerg Melee Weapons Level 1  
  58  4:27  Drone x2  
  58  4:29  Drone  
  58  4:31  Drone x2  
  63  4:39  Overlord  
  63  4:41  Drone x2  
  63  4:44  Drone  
  66  4:46  Drone x2  
  66  4:47  Drone x2  
  66  4:49  Overlord  
  66  4:50  Drone x2  
  71  4:55  Extractor  
  71  4:56  Drone x3, Extractor  
  71  4:59  Drone  
  73  5:04  Overlord  
  73  5:06  Drone x2  
  75  5:09  Spire  
  74  5:14  Zergling x6  
  77  5:23  Drone x2  
  77  5:24  Zergling x6  
  77  5:25  Zergling x2  
  77  5:26  Zergling x2  
  85  5:28  Zergling x4  
  85  5:30  Baneling x2  
  85  5:31  Baneling  
  85  5:33  Zergling x6  
  85  5:34  Extractor  
  88  5:38  Overlord  
  88  5:41  Zergling x4, Hatchery  
  90  5:46  Drone  
  90  6:02  Overlord  
  89  6:20  Mutalisk x6  
  89  6:21  Mutalisk x5  
  89  6:22  Drone  
  89  6:23  Drone  
  89  6:24  Overlord x3  
  113  6:28  Zerg Flyer Weapons Level 1  
  113  6:32  Pneumatized Carapace  
  113  6:35  Overlord  
  113  6:43  Drone x8  
  113  6:44  Drone  
  121  6:50  Mutalisk  
  121  6:54  Drone x4, Queen  
  127  6:59  Mutalisk x2  
  133  7:02  Extractor x2  
  133  7:04  Overlord  
  133  7:05  Mutalisk  
  133  7:07  Zergling x12  
  138  7:11  Zergling x2  
  138  7:14  Mutalisk  
  141  7:22  Mutalisk  
  141  7:29  Mutalisk x2  
  147  7:31  Zergling x12  
  147  7:34  Overlord  
  153  7:39  Mutalisk x2  
  153  7:41  Overlord  
  153  7:42  Hatchery  
  155  7:44  Mutalisk x2  
  155  7:46  Overlord  
  155  7:47  Overlord  
  155  7:48  Overlord x2  
  159  7:54  Zergling x4  
  159  7:57  Mutalisk x3  
  155  8:01  Mutalisk  
  155  8:03  Zergling x2  
  135  8:08  Mutalisk  
  130  8:14  Zergling x2, Queen x2  
  130  8:15  Queen  
  130  8:19  Mutalisk x2  
  133  8:21  Zergling x4  
  133  8:23  Spine Crawler  
  133  8:24  Spine Crawler  
  133  8:25  Mutalisk x2  
  133  8:26  Roach  
  140  8:28  Mutalisk  
  140  8:29  Zergling x2  
  140  8:31  Zergling x6  
  140  8:32  Queen  
  140  8:34  Zergling x2  
  135  8:40  Mutalisk x2  
  127  8:41  Zergling x2  
  127  8:45  Zergling x6  
  124  8:49  Mutalisk  
  124  8:50  Zergling x2, Queen  
  124  8:52  Zergling x2  
  124  8:54  Mutalisk  
  118  9:01  Drone x2  
  109  9:09  Drone  
  110  9:10  Drone x2  
  110  9:14  Drone  
  111  9:22  Zergling x2, Mutalisk  
  113  9:29  Zergling x2, Mutalisk x2  
  110  9:34  Zergling x8  
  110  9:37  Mutalisk  
  110  9:38  Zergling x2  
  114  9:46  Zergling x12  
  113  9:53  Zergling x2, Mutalisk  
  113  9:59  Zergling x4  
  108  10:04  Zergling x10  
  112  10:07  Drone  
  112  10:08  Drone  
  112  10:13  Zergling x4  
  112  10:15  Drone x2  
  114  10:23  Spire  
  114  10:25  Zergling x6  
  114  10:26  Zergling x6  
  114  10:27  Zergling x2  
  96  10:43  Zergling x20  
  96  10:48  Drone x4  
  98  11:01  Drone  
  98  11:02  Drone x9  
  108  11:09  Zerg Melee Weapons Level 2  
  108  11:12  Drone x3  
  107  11:27  Drone x2  
  109  11:34  Mutalisk x7  
  109  11:35  Mutalisk  
  125  11:40  Mutalisk  
  125  11:43  Zergling x10  
  132  11:47  Mutalisk  
  132  11:51  Mutalisk  
  132  11:53  Drone  
  135  11:55  Mutalisk  
  135  11:56  Roach  
  135  11:58  Zergling x8  
  142  12:01  Zergling x4  
  142  12:02  Zergling x2  
  142  12:07  Mutalisk x2  
  139  12:14  Zergling x14  
  146  12:21  Mutalisk x3  
  150  12:26  Zergling x2  
  150  12:27  Zergling x8  
  153  12:31  Mutalisk x2  
  153  12:35  Mutalisk  
  153  12:36  Mutalisk  
  161  12:43  Zergling x10  
  155  12:53  Mutalisk x2  
  155  12:54  Roach, Mutalisk  
  140  13:09  Zergling x2, Hydralisk Den  
  140  13:10  Zergling x14  
  135  13:18  Drone x5  
  135  13:24  Drone x4  
  135  13:25  Drone  
  133  13:32  Drone x3  
  133  13:33  Drone  
  133  13:43  Lurker Den, Muscular Augments  
  131  13:50  Baneling x5  
  125  13:57  Hydralisk x6  
  125  14:00  Hydralisk  
  125  14:01  Zergling x4  
  141  14:07  Hydralisk  
  141  14:08  Zergling x6  
  145  14:12  Hydralisk x2  
  145  14:13  Zergling x2  
  145  14:16  Hydralisk x2  
  148  14:22  Spore Crawler  
  151  14:27  Infestation Pit, Hydralisk x2  
  151  14:28  Zergling x4  
  156  14:34  Hydralisk x2  
  156  14:35  Zergling x2  
  161  14:40  Hydralisk x2  
  163  14:45  Zerg Missile Weapons Level 1  
  161  15:04  Zergling x16  
  161  15:05  Hive  
  167  15:11  Overlord  
  167  15:13  Overlord  
  159  15:30  Overlord  
  159  15:33  Spore Crawler, Lurker x4  
  159  15:34  Hydralisk, Spore Crawler  
  159  15:35  Zergling x12  
  168  15:36  Hatchery  
  168  15:40  Zergling x2  
  168  15:44  Overlord  
  168  15:48  Hydralisk  
  168  15:49  Zergling x8  
  165  15:54  Spore Crawler  
  157  16:00  Spore Crawler  
  136  16:19  Spore Crawler  
  136  16:20  Spore Crawler  
  136  16:23  Hatchery  
  121  16:26  Zergling x22  
  125  16:43  Zergling x8  
  125  16:46  Lurker Den  
  125  16:48  Hydralisk x3  
  128  16:59  Hydralisk x3  
  124  17:10  Hydralisk x3  
  127  17:18  Zerg Missile Weapons Level 2  
  125  17:29  Hydralisk x3  
  125  17:33  Grooved Spines  
  126  17:46  Zergling x4  
  126  17:47  Zergling x12  
  122  17:53  Hydralisk x4  
  127  17:58  Queen  
  127  18:14  Adaptive Talons  
  125  18:20  Lurker x2  
  125  18:21  Lurker x5  
  125  18:25  Hatchery  
  125  18:27  Lurker x3  
  126  18:34  Overlord  
  120  18:58  Zergling x2  
  120  18:59  Zergling x14  
  120  19:00  Zergling x4  
  108  19:10  Zergling x2, Hydralisk  
  110  19:19  Zergling x4  
  110  19:20  Zergling x2  
  113  19:24  Zergling x2  
  113  19:29  Overseer x2  
  114  19:37  Hydralisk  
  113  19:43  Zergling x4  
  107  19:50  Hydralisk  
  107  19:51  Zergling x2  
  105  19:56  Overlord  
  103  20:05  Spore Crawler x2  
  99  20:13  Overlord, Spore Crawler  
  93  20:40  Hatchery  
  79  21:13  Overlord x2, Spore Crawler  
  79  21:14  Overlord x2  
  66  21:30  Spore Crawler x2  
  56  21:35  Zergling x2  
  51  21:40  Zergling x2  
  51  21:45  Hydralisk x3  
  52  22:10  Lurker x2  
  52  22:11  Lurker  
  53  22:43  Extractor  
  52  22:49  Extractor  
Tags
 
Add a new tag
Caveats
  • Supply blocks, unpowered buildings, or Contaminate may cause inaccurate times.
  • Supply counts are checked every 10 seconds.